 Dungeon Crawl Stone Soup version 0.30-a0-972-gf3ab3527aa (webtiles) character file.

Game seed: 13518113814457416367

2472 billz999 the Covert (level 9, -6/64 HPs)
             Began as a Vampire Enchanter on Mar 31, 2023.
             Was a Believer of Dithmenos.
             Mangled by an orc warlord
             ... wielding a +4 battleaxe
              (15 damage)
             ... in a bailey.
             The game lasted 00:22:31 (6774 turns).

billz999 the Covert (Vampire Enchanter)             Turns: 6774, Time: 00:22:32

Health: -6/64      AC:  7    Str:  7    XL:     9   Next: 26%
Magic:  11/16      EV: 12    Int: 21    God:    Dithmenos [**....]
Gold:   223        SH:  0    Dex: 15    Spells: 8/17 levels left

rFire   + . .      SeeInvis +    t - +2 dagger (drain)
rCold   . . .      Faith    +    (no shield)
rNeg    . . .      Spirit   .    r - +2 robe {rF+}
rPois   .          Reflect  .    (no helmet)
rElec   .          Rampage  .    x - +0 cloak
rCorr   .                        (no gloves)
Will    .....                    b - +1 pair of boots {Stlth+}
Stlth   +++++++                  h - amulet of faith
HPRegen 0.50/turn                (no ring)
MPRegen 0.15/turn                (no ring)

@: healing quickly, wreathed by umbra
A: alive, fangs 3, see invisible, vampiric 2
a: Exsanguinate, Renounce Religion, Shadow Step


You were in a bailey.
You worshipped Dithmenos.
Dithmenos was pleased with you.
You visited 1 branch of the dungeon, and saw 7 of its levels.
You also visited: Bailey.

You collected 372 gold pieces.
You spent 149 gold pieces at shops.

Inventory:

Hand Weapons
 a - a +1 dagger
 o - a +3 spectral club
 t - a +2 dagger of draining (weapon)
Missiles
 d - 23 boomerangs (quivered)
 B - a throwing net
Armour
 b - a +1 pair of boots of stealth (worn)
 r - a +2 robe of fire resistance (worn)
 x - a +0 cloak (worn)
Jewellery
 h - an amulet of faith (around neck)
 z - a ring of flight
 G - a ring of protection from cold
Wands
 A - a wand of quicksilver (6)
 E - a wand of polymorph (8)
 H - a wand of mindburst (18)
Scrolls
 e - 4 scrolls of teleportation
 g - 4 scrolls of identify
 i - 3 scrolls of enchant weapon
 k - a scroll of poison
 l - a scroll of blinking
 m - a scroll of fear
 s - 3 scrolls of magic mapping
 v - 2 scrolls of noise {unknown}
 y - a scroll of immolation {unknown}
 C - a scroll of fog
 D - a scroll of brand weapon {unknown}
Potions
 c - a potion of invisibility
 f - a potion of heal wounds {unknown}
 j - 3 potions of berserk rage {unknown}
 n - 2 potions of resistance {unknown}
 p - 2 potions of mutation {unknown}
 q - 3 potions of magic {unknown}
 u - 2 potions of attraction {unknown}
 w - a potion of lignification
 F - a potion of ambrosia {unknown}


   Skills:
 - Level 3.3 Fighting
 + Level 7.7 Short Blades
 - Level 2.1 Dodging
 - Level 8.8 Stealth
 - Level 4.7 Spellcasting
 - Level 4.4 Hexes
 - Level 5.4 Necromancy
 - Level 4.0 Ice Magic


You had 8 spell levels left.
You knew the following spells:

 Your Spells              Type           Power      Damage    Failure   Level
a - Ensorcelled Hibernat  Hex/Ice        44%        N/A       3%          2
b - Confusing Touch       Hex            23%        N/A       5%          3
c - Animate Dead          Necr           27%        N/A       12%         4

Your spell library contained the following spells:

 Spells                   Type           Power      Damage    Failure   Level
 Tukima's Dance           Hex            23%        N/A       5%          3
 Dazzling Flash           Conj/Hex       28%        N/A       14%         3
 Haunt                    Necr/Summ      8%         N/A       100%        7
 Infestation              Necr           13%        N/A       100%        8


Dungeon Overview and Level Annotations

Branches:
Dungeon (7/15)             Temple (0/1) D:5          Bailey (1/1)

Altars:
Ashenzari
Dithmenos
Okawaru
Qazlal
Sif Muna
Yredelemnul

Shops:
D:1 (((?[   D:7 =

Annotations:
D:6 Maggie


Innate Abilities, Weirdness & Mutations

Your natural rate of healing is accelerated.
You have razor-sharp teeth.
You have supernaturally acute eyesight. (SInv)
You are afflicted with vampirism and can become a bat while bloodless.


Message History

The orc warlord completely misses you.
Aiming: Quicksilver Bolt
Press: ? - help, Shift-Dir - straight line, f/p - orc warlord
Aim: an orc warlord, wielding a +4 battleaxe and wearing a +0 plate armour (severely wounded, lightly drained, umbra, 83% to hit)
The bolt of dispelling energy hits the orc warlord!
The orc warlord is almost dead.
The orc warlord barely misses you.
A hobgoblin comes into view. It is wielding a +0 hand axe.
The hobgoblin shouts!
You hit the orc warlord but do no damage.
You drain the orc warlord.
The orc warlord is almost dead.
You hear a shout!
The orc warlord hits you with a +4 battleaxe!
Unknown command.
Aiming: Quicksilver Bolt
Press: ? - help, Shift-Dir - straight line, f/p - orc warlord
Aim: an orc warlord, wielding a +4 battleaxe and wearing a +0 plate armour (almost dead, lightly drained, umbra, 83% to hit)
The bolt of dispelling energy misses the orc warlord.
The orc warlord hits you with a +4 battleaxe!!
Unknown command.
Aiming: Quicksilver Bolt
Press: ? - help, Shift-Dir - straight line, f/p - orc warlord
Aim: an orc warlord, wielding a +4 battleaxe and wearing a +0 plate armour (almost dead, lightly drained, umbra, 83% to hit)
The bolt of dispelling energy misses the orc warlord.
The orc warlord closely misses you.
Unknown command.
Aiming: Quicksilver Bolt
Press: ? - help, Shift-Dir - straight line, f/p - orc warlord
Aim: an orc warlord, wielding a +4 battleaxe and wearing a +0 plate armour (almost dead, lightly drained, umbra, 83% to hit)
The bolt of dispelling energy hits the orc warlord!
The orc warlord is almost dead.
The orc warlord hits you with a +4 battleaxe!!
* * * LOW HITPOINT WARNING * * *
Aiming: Mindburst
Press: ? - help, Shift-Dir - straight line, f/p - orc warlord
Aim: an orc warlord, wielding a +4 battleaxe and wearing a +0 plate armour (almost dead, lightly drained, umbra, chance to affect: 36%)
The orc warlord easily resists.
The orc warlord hits you with a +4 battleaxe!
You die...

#..........#~~~~†#..........#
#..........')..†)'[...8..8..#
#)..8......#########........#
##).....####~~~#~~~##......##
##.....#~~#~.....)~#.....##.
##....#~........!~#....##..
#)..##~8.8...8.8##...)#...
#...'~~.........#.....')..
#...'~~..@o∩....#....['†..
#...g~~.........#....)'...
#†..##~8.8...8.8##...†#[..
#....#~........!~#....##..
#.....#~~#~.....:~#.....##.
#......####~~~#~~~##......##
#...8..... #########....... #
#.......... ....8..8. #
#?.........# ....... #


You could see an orc warlord (drained) and a hobgoblin.

Vanquished Creatures
  An orc knight (Bailey)
  Grinder (D:5)
  A wyvern (D:7)
  3 water moccasins
  An ice beast (D:7)
  2 orc warriors (Bailey)
  An ogre (D:5)
  A black bear (D:6)
  2 centaurs
  A kobold brigand (D:6)
  A bullfrog (D:7)
  A hound (D:6)
  A gnoll bouda (D:5)
  2 jellies
  An orc priest (D:7)
  2 sleepcaps
  Jessica (D:3)
  2 iguanas
  Robin (D:2)
  11 gnolls
  7 adders
  A white imp (D:7)
  An ufetubus (D:4)
  8 worms
  7 dart slugs
  10 orcs
  4 ball pythons
  6 bats (D:2)
  10 endoplasms
  3 giant cockroaches
  13 goblins
  15 hobgoblins
  4 jackals (D:2)
  4 quokkas
  2 frilled lizards
  22 kobolds
  5 rats
159 creatures vanquished.

Notes
Turn   | Place    | Note
-------+----------+-------------------------------------------
     0 | D:1      | billz999 the Vampire Enchanter began the quest for the Orb.
     0 | D:1      | Reached XP level 1. HP: 13/13 MP: 3/3
    54 | D:1      | Reached skill level 5 in Stealth
    82 | D:1      | Reached XP level 2. HP: 15/19 MP: 5/5
   102 | D:1      | Found Agotinaqukh's Armour Shop.
   190 | D:1      | Found Yxzah's Magic Scroll Shop.
   206 | D:1      | Reached skill level 6 in Stealth
   352 | D:1      | Learned a level 2 spell: Ensorcelled Hibernation
   499 | D:1      | Gained mutation: You are afflicted with vampirism and can
                  | become a bat while bloodless. [Vampire growth]
   499 | D:1      | Reached XP level 3. HP: 24/24 MP: 6/6
   524 | D:1      | Reached skill level 1 in Ice Magic
   531 | D:1      | Learned a level 3 spell: Confusing Touch
   576 | D:1      | Found Begyhaqe's Weapon Shop.
   586 | D:1      | Found Piph's Antique Weapon Shop.
   643 | D:1      | Found a faded altar of an unknown god.
   660 | D:1      | Found Loanuutz's Antique Weapon Shoppe.
  1118 | D:2      | Reached XP level 4. HP: 30/30 MP: 4/7
  1794 | D:2      | Noticed Robin
  2074 | D:2      | Killed Robin
  2187 | D:3      | Reached XP level 5. HP: 35/35 MP: 8/8
  2351 | D:3      | Noticed Jessica
  2448 | D:3      | Killed Jessica
  2488 | D:3      | Found a shimmering blue altar of Sif Muna.
  2550 | D:3      | Found a shadowy altar of Dithmenos.
  2565 | D:3      | Became a worshipper of Dithmenos the Shadowed
  2909 | D:3      | Reached skill level 1 in Fighting
  3345 | D:4      | Found a basalt altar of Yredelemnul.
  3451 | D:4      | Reached skill level 7 in Stealth
  3803 | D:4      | Noticed a centaur
  3811 | D:4      | Killed a centaur
  3812 | D:4      | Reached XP level 6. HP: 31/44 MP: 2/9
  4127 | D:1      | Bought a +0 pair of boots of stealth for 149 gold pieces
  4303 | D:5      | Entered Level 5 of the Dungeon
  4353 | D:5      | Found a staircase to the Ecumenical Temple.
  4356 | D:5      | Noticed a water moccasin
  4362 | D:5      | Killed a water moccasin
  4363 | D:5      | Reached skill level 8 in Stealth
  4503 | D:5      | Reached XP level 7. HP: 52/52 MP: 7/10
  4536 | D:5      | Learned a level 4 spell: Animate Dead
  4641 | D:5      | Reached * piety under Dithmenos
  4642 | D:5      | Reached skill level 1 in Necromancy
  4805 | D:5      | Noticed Grinder
  4819 | D:5      | Killed Grinder
  5250 | D:6      | Reached XP level 8. HP: 46/58 MP: 7/12
  5750 | D:6      | Noticed Maggie
  5753 | D:6      | Found an iron altar of Okawaru.
  5807 | D:6      | Reached skill level 5 in Necromancy
  6231 | D:7      | Found a stormy altar of Qazlal.
  6251 | D:7      | Found Ohessar's Jewellery Shoppe.
  6286 | D:7      | Found a broken altar of Ashenzari.
  6333 | D:7      | Reached ** piety under Dithmenos
  6339 | D:7      | Reached skill level 5 in Short Blades
  6417 | D:7      | Found a flagged portal.
  6472 | Bailey   | Entered a bailey
  6477 | Bailey   | Noticed an orc warlord
  6551 | Bailey   | Found a runed translucent gate.
  6551 | Bailey   | Found a runed translucent gate.
  6551 | Bailey   | Found a runed translucent gate.
  6563 | Bailey   | Noticed an orc knight
  6570 | Bailey   | Reached XP level 9. HP: 41/64 MP: 13/16
  6636 | Bailey   | Killed an orc knight
  6774 | Bailey   | Mangled by an orc warlord

Illustrated notes

Levels and vault maps discovered:
D:1:      minmay_arrival_solitary_statue, layout_basic, serial_shops,
          nicolae_lakefront_shop, nicolae_shop_trees, nicolae_shop_crystal,
          nicolae_square_shop, nicolae_shop_stone,
          hellmonk_ecumenical_altar_prayer_group
D:2:      layout_rooms, uniq_robin
D:3:      layout_basic, mainiacjoe_overflow_catwalk, tgw_sif, nicolae_wormholes
D:4:      layout_basic, yredelemnul_altar_generic
D:5:      layout_gridville, amcnicky_altar_gilded, minmay_temple_entry_arrows,
          uniq_grinder
D:6:      layout_cave_pools, kennysheep_okawaru_gauntlet, uniq_maggie
D:7:      minmay_clustersquares, layout_basic, grunt_qazlal_clouds,
          kennysheep_mini, enter_bailey_2, kennysheep_windowed_goal,
          uniq_menkaure
Bailey:   bailey_axe_bossmonster_kennysheep, bailey

Skill      XL: |  1  2  3  4  5  6  7  8  9 |
---------------+----------------------------+-----
Stealth        | 5 6 7 8 |  8.8
Ice Magic      | 2 3 4 |  4.0
Fighting       | 2 3 |  3.3
Necromancy     | 4 5 |  5.4
Spellcasting   | 3 4 |  4.7
Short Blades   | 6 7 |  7.7
Dodging        | |  2.1
Hexes          | |  4.4

Action                     |  1- 3 |  4- 6 |  7- 9 || total
---------------------------+-------+-------+-------++-------
  Melee: Dagger            |   142 |    97 |   140 ||   379
         Bite              |    13 |    14 |     9 ||    36
         Punch             |     1 |     1 |     2 ||     4
         Club              |       |    53 |       ||    53
  Throw: Boomerang         |       |     3 |       ||     3
   Cast: Ensorcelled Hiber |    11 |    40 |    41 ||    92
         Confusing Touch   |       |       |     2 ||     2
Ability: Exsanguinate      |     1 |       |       ||     1
  Evoke: Wand              |       |       |     9 ||     9
    Use: Potion            |     2 |     1 |       ||     3
         Scroll            |       |     7 |     2 ||     9
   Stab: Sleeping          |    12 |    39 |    34 ||    85
         Invisible         |     1 |     1 |       ||     2
         Distracted        |       |     2 |       ||     2
         Confused          |       |       |     4 ||     4
 Armour: Robe              |    20 |    30 |    33 ||    83
         Skin              |     3 |       |       ||     3
  Dodge: Dodged            |    87 |   106 |   119 ||   312

Table legend: (Time is in decaauts)
 A = Elapsed time spent in this place.
 B = Non-inter-level travel time spent in this place.
 C = Inter-level travel time spent in this place.
 D = Time resting spent in this place.
 E = Time spent auto-exploring this place.
 F = Levels seen in this place.
 G = Mean time per level.
                   A        B        C        D        E       F      G
               +--------+--------+--------+--------+--------+-----+--------+
         Total |   6760 |   6429 |    331 |    904 |   3791 |   8 |  845.0 |
       Dungeon |   6476 |   6145 |    331 |    855 |   3751 |   7 |  925.1 |
        Bailey |    284 |    284 |      0 |     49 |     40 |   1 |  284.0 |
               +--------+--------+--------+--------+--------+-----+--------+

Top non-repeatable levels by time:
     D:2: 1320 daAuts
     D:5: 1110 daAuts
     D:4: 1044 daAuts
     D:3: 991 daAuts
     D:1: 950 daAuts
     D:6: 788 daAuts
  Bailey: 284 daAuts
     D:7: 269 daAuts
